 Dungeon Crawl Stone Soup version 0.23.2-33-g5129a83184 (webtiles) character file.

Game seed: 18093914762113178888

499 Descartes the Sneak (level 7, -7/61 HPs)
             Began as a Naga Warper on July 19, 2019.
             Mangled by an ogre
             ... wielding a +0 giant club
              (16 damage)
             ... on level 5 of the Dungeon.
             The game lasted 00:20:17 (4757 turns).

Descartes the Sneak (Naga Warper)                   Turns: 4757, Time: 00:20:18

Health: -7/61      AC:  5    Str: 13    XL:     7   Next: 16%
Magic:  3/3        EV:  7    Int: 14    God:
Gold:   139        SH:  9    Dex: 12    Spells: 7/11 levels left

rFire    . . .     SeeInvis +   B - +2 short sword (antimagic)
rCold    . . .     Gourm    .   g - +1 shield
rNeg     . . .     Faith    .   C - +0 troll leather armour {Purgy}
rPois    +         Spirit   .   x - +0 helmet
rElec    .         Reflect  .   (no cloak)
rCorr    +         Harm     .   (no gloves)
MR       .....                  (no barding)
Stlth    +++.......             o - amulet of rage
HPRegen  0.60/turn              h - ring of resist corrosion
MPRegen  0.08/turn              (no ring)

@: lethally poisoned (-7 -> -7), about to teleport, berserk cooldown, starving,
slowed, very slow
A: large, see invisible, deformed body, poison resistance, slowness 2, slow
metabolism 1, spit poison 1, AC +2
a: Spit Poison, Evoke Berserk Rage


You were on level 5 of the Dungeon.
You were starving.

You visited 1 branch of the dungeon, and saw 5 of its levels.
You also visited: Sewer.

You collected 139 gold pieces.

Inventory:

Hand Weapons
 a - a +1 falchion
 b - a +0 hunting sling
 l - a +0 rapier
 B - a +2 antimagic short sword (weapon)
Missiles
 c - 92 stones (quivered)
 e - 4 tomahawks of dispersal
 j - 21 arrows
 k - 16 bolts
Armour
 g - a +1 shield (worn)
 x - a +0 helmet (worn)
 C - a +0 troll leather armour (worn) {Purgy}
Jewellery
 h - a ring of resist corrosion (left hand)
 o - an amulet of rage (around neck)
Scrolls
 d - a scroll of blinking
 p - a scroll of enchant armour
 q - 2 scrolls of identify
 s - 3 scrolls of teleportation
 y - a scroll of fog
Potions
 i - a potion of berserk rage
 m - 2 potions of curing
 n - 3 potions of mutation {unknown}
 r - a potion of brilliance {unknown}
 u - a potion of might {unknown}
 v - a potion of haste {unknown}
 z - a potion of heal wounds
 A - a potion of magic {unknown}
Comestibles
 f - 6 rations


   Skills:
 + Level 2.9 Fighting
 + Level 0.4(1.7) Short Blades
 - Level 2.7 Long Blades
 + Level 2.1 Throwing
 + Level 2.0 Armour
 - Level 1.6 Dodging
 * Level 5.2 Stealth
 * Level 2.4 Shields
 + Level 2.8 Spellcasting
 + Level 1.5 Charms
 - Level 3.0 Translocations


You had 7 spell levels left.
You knew the following spells:

 Your Spells              Type           Power        Failure   Level  Hunger
a - Blink                 Tloc           N/A          45%         2    ###....
b - Shroud of Golubria    Chrm/Tloc      #.........   56%         2    ###....

Your spell library contained the following spells:

 Spells                   Type           Power        Failure   Level  Hunger
 Gell's Gravitas          Tloc           ##........   69%         3    ###....
 Lesser Beckoning         Tloc           ##........   69%         3    ###....
 Teleport Other           Tloc           ##......     69%         3    ###....
 Passage of Golubria      Tloc           N/A          97%         4    #####..


Dungeon Overview and Level Annotations

Branches:
Dungeon (5/15)
 Temple: D:4-7

Altars:
Ashenzari
Uskayaw

Annotations:
D:5 1 runed translucent door, Jabberih's ghost, novice MfTm


Innate Abilities, Weirdness & Mutations

You cannot wear boots.
Your serpentine skin is tough. (AC +2)
You have supernaturally acute eyesight. (SInv)
Armour fits poorly on your strangely shaped body.
Your system is resistant to poisons. (rPois)
You cover ground very slowly.
You have a slow metabolism.
You can spit poison.


Message History

You hit the ogre but do no damage.
The ogre is lightly wounded.
You block the adder's attack. You block the ogre's attack.
The adder barely misses you. You block the crimson imp's attack.
You barely miss the ogre.
The ogre is lightly wounded.
The adder bites you.
You are poisoned.
The adder poisons you!
The crimson imp hits you but does no damage.
The ogre hits you with a +0 giant club! The adder bites you but does no damage.
The crimson imp hits you but does no damage.
The ogre hits you with a +0 giant club!
* * * LOW HITPOINT WARNING * * *
The adder bites you but does no damage.
Okay, then.
As you read the scroll of teleportation, it crumbles to dust.
You feel strangely unstable.
You feel sick. The adder barely misses you. You block the crimson imp's attack.
The ogre hits you with a +0 giant club!
You die...

##.##.## ...>...
##.%.#.# #
##......#.# ..
.......... #..
....... #..
#O5.## #.#
#@S..#
##...#..#.##
##....#.....#
##.......##+##
..#...#.#rWr#
......#.#r≈≈#
###..##.#≈≈≈#
#.####..##.#≈≈≈#
#..........#≈$≈#


You could see an ogre, Jabberih's ghost, a crimson imp, an adder, 2 river rats
and a rat.

Vanquished Creatures
  Purgy (Sewer)
  A sky beast (D:4)
  A hound (D:4)
  An orc wizard (D:4)
  2 orc priests (D:4)
  4 gnolls (D:2)
  6 adders
  A river rat (D:4)
  2 worms (D:3)
  2 dart slugs (D:1)
  3 leopard geckos
  12 orcs
  8 giant cockroaches
  2 goblins
  7 hobgoblins
  2 quokkas
  5 ball pythons
  6 bats
  2 frilled lizards (Sewer)
  3 kobolds
  9 rats
80 creatures vanquished.

Notes
Turn   | Place    | Note
-------+----------+-------------------------------------------
     0 | D:1      | Descartes the Naga Warper began the quest for the Orb.
     0 | D:1      | Reached XP level 1. HP: 19/19 MP: 3/3
   213 | D:1      | Reached skill level 1 in Throwing
   213 | D:1      | Reached skill level 1 in Stealth
   213 | D:1      | Reached XP level 2. HP: 12/26 MP: 5/5
   713 | D:1      | Reached skill level 1 in Armour
   896 | D:1      | Reached XP level 3. HP: 32/32 MP: 6/6
  1038 | D:2      | Reached skill level 2 in Stealth
  1052 | D:2      | Reached skill level 1 in Shields
  1365 | D:1      | Reached XP level 4. HP: 21/39 MP: 7/7
  1576 | D:2      | Noticed a +0 hand axe
  1713 | D:2      | Reached skill level 3 in Stealth
  1790 | D:2      | Learned a level 2 spell: Blink
  1793 | D:2      | Learned a level 2 spell: Shroud of Golubria
  2108 | D:2      | Found a hide-covered altar of Uskayaw.
  2108 | D:2      | Noticed a +0 hand axe
  2501 | D:3      | Reached XP level 5. HP: 46/46 MP: 8/8
  3529 | D:4      | Reached skill level 4 in Stealth
  3529 | D:4      | Reached skill level 1 in Charms
  3571 | D:4      | Reached XP level 6. HP: 55/55 MP: 3/9
  3608 | D:4      | Noticed a sky beast
  3644 | D:4      | Killed a sky beast
  3724 | D:4      | Found a shattered altar of Ashenzari.
  3808 | D:4      | Found a glowing drain.
  3812 | Sewer    | Entered a sewer
  3887 | Sewer    | Noticed Purgy
  3903 | Sewer    | Killed Purgy
  3903 | Sewer    | Reached skill level 5 in Stealth
  3903 | Sewer    | Reached XP level 7. HP: 61/61 MP: 3/11
  4732 | D:5      | Entered Level 5 of the Dungeon
  4741 | D:5      | Found a runed translucent door.
  4741 | D:5      | Noticed Jabberih's ghost (novice MfTm)
  4757 | D:5      | Mangled by an ogre

Skill      XL: |  1  2  3  4  5  6 |
---------------+-------------------+-----
Throwing       | 1 2 |  2.1
Stealth        | 1 2 3 4 5 |  5.2
Armour         | 1 2 |  2.0
Shields        | 1 2 |  2.4
Charms         | 1 |  1.5
Fighting       | |  2.9
Short Blades   | |  0.4
Long Blades    | |  2.7
Dodging        | |  1.6
Spellcasting   | |  2.8
Translocations | |  3.0

Action                   |  1- 3 |  4- 6 |  7- 9 || total
-------------------------+-------+-------+-------++-------
Melee: Falchion          |    34 |    55 |       ||    89
       Short sword       |       |   138 |     9 ||   147
 Fire: Hunting sling     |       |    16 |       ||    16
Throw: Tomahawk          |       |     1 |       ||     1
       Stone             |       |     1 |       ||     1
 Abil: Spit Poison       |    20 |    22 |       ||    42
       Evoke Berserk Rag |       |     3 |     1 ||     4
  Use: Scroll            |       |     9 |     3 ||    12
       Potion            |       |     1 |     1 ||     2
 Stab: Sleeping          |     1 |     1 |     1 ||     3
  Eat: Chunk             |     1 |    11 |     2 ||    14
Armor: Ring mail         |     9 |    25 |       ||    34
       Leather armour    |       |    30 |       ||    30
       Troll leather arm |       |       |     6 ||     6
Dodge: Dodged            |    10 |    52 |     9 ||    71
Block: Shield            |    10 |    63 |     7 ||    80
       Rpst.: Falchion   |     2 |     8 |       ||    10
